 Dungeon Crawl Stone Soup version 0.26-a0-854-gdc81c2f471 (webtiles) character file.

Game seed: 18079007611742745118

34 iamoutofideas the Stinger (level 3, 0/21 HPs)
             Began as an Octopode Venom Mage on Nov 23, 2020.
             Slain by a hobgoblin
             ... wielding a +0 club
             ... led by Robin
              (9 damage)
             ... on level 2 of the Dungeon.
             The game lasted 00:01:16 (1582 turns).

iamoutofideas the Stinger (Octopode Venom Mage)     Turns: 1582, Time: 00:01:16

Health: 0/21       AC:  1    Str:  7    XL:     3   Next: 31%
Magic:  1/6        EV: 13    Int: 18    God:
Gold:   43         SH:  0    Dex: 12    Spells: 6/7 levels left

rFire    . . .     SeeInvis .   (no weapon)
rCold    . . .     Faith    .   (no shield)
rNeg     . . .     Spirit   .   (helmet restricted)
rPois    .         Reflect  .   (no amulet)
rElec    .         Harm     .   (no ring)
rCorr    .         Rampage  .   (no ring)
MR       .....                  (no ring)
Stlth    +++.......             (no ring)
HPRegen  0.07/turn              (no ring)
MPRegen  0.10/turn              (no ring)
                                (no ring)
                                (no ring)

@: no status effects
A: almost no armour, stealthy swim, amphibious, 8 rings, constrict 8, camouflage
1, gelatinous body 1
a: no special abilities


You were on level 2 of the Dungeon.
You visited 1 branch of the dungeon, and saw 2 of its levels.

You collected 43 gold pieces.

Inventory:

Jewellery
 b - a +4 ring of protection {unknown}
Scrolls
 a - a scroll of teleportation {unknown}
 d - 2 scrolls of identify {unknown}
Potions
 c - a potion of mutation {unknown}
 e - a potion of curing {unknown}


   Skills:
 + Level 2.4 Dodging
 - Level 2.9 Stealth
 + Level 2.5 Spellcasting
 - Level 1.0 Transmutations
 + Level 4.3 Poison Magic


You had 6 spell levels left.
You knew the following spells:

 Your Spells              Type           Power        Failure   Level
a - Sting                 Tmut/Pois      ##..         6%          1

Your spell library contained the following spells:

 Spells                   Type           Power        Failure   Level
 Poisonous Vapours        Pois/Air       ##....       11%         2
 Ignite Poison            Fire/Tmut/Pois #.......     26%         3
 Mephitic Cloud           Conj/Pois/Air  #.......     28%         3
 Olgreb's Toxic Radiance  Pois           ###.....     28%         4


Dungeon Overview and Level Annotations

Branches:
Dungeon (2/15)

Altars:

Annotations:
D:2 Robin


Innate Abilities, Weirdness & Mutations

You cannot wear most types of armour.
You are very stealthy in the water. (Stealth+)
You are amphibious.
You can wear up to eight rings at the same time.
You can use your tentacles to constrict eight enemies at once.
Your skin changes colour to match your surroundings (Stealth+).
Your rubbery body absorbs attacks. (AC +1, EV +1)


Message History

Press: ? - help, Shift-Dir - straight line, f - Robin
Aim: Robin, wielding a +0 club, wearing a +0 animal skin and wearing a +0 helmet (heavily wounded, poisoned, 20% to evade)
The sting hits Robin.
Robin looks even sicker.
Robin is severely wounded.
The goblin no longer looks unusually strong.
The hobgoblin no longer looks unusually strong.
The goblin no longer looks unusually strong.
Robin closely misses you.
There is an open door here.
The hobgoblin no longer looks unusually strong.
Robin roars a battlecry!
The goblins go into a battle-frenzy!
Casting: Sting (safe; 6% risk of failure)
Confirm with . or Enter, or press ? or * to list all spells.
Aiming: Sting (safe; 6% risk of failure)
Press: ? - help, Shift-Dir - straight line, f - hobgoblin, p - Robin
Aim: a hobgoblin, wielding a +0 club (strong, 20% to evade)
The sting hits the hobgoblin but does no damage.
The hobgoblin is poisoned.
The hobgoblin hits you with a +0 club!
You die...

#......# #......... ####......#
#...g.....
#####..+......#####.........
#...#.##...gg.ggg)g....?....
#.#.#.###'#'#.#####.........
#.#.#.# #.#g#.# #.........
#.#.#.# #.#g#.# #.........
#.#.#.# #.#g#.# #.........
##.#.#.###.#@#.#####.......$.
#..........#............#.###
#..#########.#.##########.# #
#####............#... ..# #
......##########.################
####### #...[.....[........
###################


You could see Robin (poisoned), a hobgoblin (strong, poisoned) and 3 goblins.

Vanquished Creatures
  2 dart slugs (D:1)
  A leopard gecko (D:1)
  2 giant cockroaches (D:1)
  7 goblins
  4 hobgoblins (D:1)
  A ball python (D:1)
  4 bats
  A frilled lizard (D:1)
  3 kobolds
  3 rats (D:1)
28 creatures vanquished.

Notes
Turn   | Place    | Note
-------+----------+-------------------------------------------
     0 | D:1      | iamoutofideas the Octopode Venom Mage began the quest for
                  | the Orb.
     0 | D:1      | Reached XP level 1. HP: 11/11 MP: 3/3
   206 | D:1      | Reached XP level 2. HP: 17/17 MP: 0/5
   273 | D:1      | Reached skill level 4 in Poison Magic
  1177 | D:1      | Reached XP level 3. HP: 18/21 MP: 4/6
  1552 | D:2      | Noticed Robin
  1582 | D:2      | Slain by a hobgoblin

Illustrated notes

Levels and vault maps discovered:
D:1:      dpeg_arrival_simpleton_c, layout_basic
D:2:      layout_basic, uniq_robin

Skill      XL: |  1  2 |
---------------+-------+-----
Poison Magic   | 4 |  4.3
Dodging        | |  2.4
Stealth        | |  2.9
Spellcasting   | |  2.5
Transmutations | |  1.0

Action                   || total
-------------------------++-------
Melee: Unarmed           ||    31
       Constrict         ||    13
       Tentacles         ||     5
 Cast: Sting             ||    27
 Stab: Sleeping          ||     4
Armor: Skin              ||     2
Dodge: Dodged            ||    32

Table legend: (Time is in decaauts)
 A = Elapsed time spent in this place.
 B = Non-inter-level travel time spent in this place.
 C = Inter-level travel time spent in this place.
 D = Time resting spent in this place.
 E = Time spent auto-exploring this place.
 F = Levels seen in this place.
 G = Mean time per level.
                   A        B        C        D        E       F      G
               +--------+--------+--------+--------+--------+-----+--------+
         Total |   1581 |   1570 |     11 |    542 |    858 |   2 |  790.5 |
       Dungeon |   1581 |   1570 |     11 |    542 |    858 |   2 |  790.5 |
               +--------+--------+--------+--------+--------+-----+--------+

Top non-repeatable levels by time:
     D:1: 1371 daAuts
     D:2: 210 daAuts
